 Dungeon Crawl Stone Soup version 0.30-a0-918-g0ff054e9dc (webtiles) character file.

Game seed: 5586654277104917985

463 gelatine the Ducker (level 6, 0/61 HPs)
             Began as a Troll Fighter on Mar 21, 2023.
             Slain by an ufetubus (4 damage)
             ... on level 4 of the Dungeon.
             The game lasted 00:06:50 (2692 turns).

gelatine the Ducker (Troll Fighter)                 Turns: 2692, Time: 00:06:50

Health: 0/61       AC:  4    Str: 27    XL:     6   Next: 79%
Magic:  5/5        EV:  1    Int:  4    God:
Gold:   131        SH:  0    Dex: -3 (9) Spells: 5/5 levels left

rFire   . . .      SeeInvis .    a - +0 war axe
rCold   . . .      Faith    .    c - +0 kite shield
rNeg    . . .      Spirit   .    b - +0 robe
rPois   .          Reflect  .    (helmet restricted)
rElec   .          Rampage  .    (no cloak)
rCorr   .                        (gloves unavailable)
Will    .....                    (boots unavailable) Stlth
                                 n - amulet of regeneration
HPRegen 1.90/turn                (no ring)
MPRegen 0.09/turn                (no ring)

@: mighty, slowed, lost dexterity, very slow
A: large, unfitting armour, claws 3, regeneration 1, shaggy fur 1, tough skin 1
a: no special abilities


You were on level 4 of the Dungeon.
You visited 1 branch of the dungeon, and saw 4 of its levels.
You also visited: Sewer.

You collected 131 gold pieces.

Inventory:

Hand Weapons
 a - a +0 war axe (weapon)
Missiles
 k - 3 large rocks (quivered)
 l - a throwing net
Armour
 b - a +0 robe (worn)
 c - a +0 kite shield (worn)
Magical Staves
 v - a staff of conjuration
Jewellery
 n - an amulet of regeneration (around neck)
 t - an amulet of faith
Wands
 s - a wand of flame (13)
Scrolls
 e - 3 scrolls of identify {unknown}
 g - a scroll of amnesia {unknown}
 h - a scroll of immolation {unknown}
 i - 4 scrolls of enchant armour {unknown}
 j - a scroll of torment {unknown}
 m - a scroll of teleportation {unknown}
 o - a scroll of enchant weapon {unknown}
 p - a scroll of fog {unknown}
 q - a scroll of brand weapon {unknown}
Potions
 d - a potion of might
 f - a potion of magic
 r - 3 potions of haste
 u - a potion of flight {unknown}


   Skills:
 + Level 3.6 Fighting
 + Level 3.3 Axes
 + Level 4.2 Dodging
 + Level 3.8 Shields


You had 5 spell levels left.
You didn't know any spells.
Your spell library contained the following spells:

 Spells                   Type           Power      Damage    Failure   Level
 Summon Forest            Summ/Tloc      0%         N/A       100%        5
 Summon Mana Viper        Hex/Summ       0%         N/A       100%        5
 Summon Cactus Giant      Summ           0%         N/A       100%        6


Dungeon Overview and Level Annotations

Branches:
Dungeon (4/15)              Sewer (visited)
 Temple: D:4-7

Altars:
Zin


Innate Abilities, Weirdness & Mutations

You are too large for most types of armour.
You have claws for hands.
Your natural rate of healing is unusually fast.
You are covered in fur. (AC +1)
You have tough skin. (AC +1)


Message History

The ufetubus hits you. The hobgoblin hits you. The ufetubus hits you. x2
The hobgoblin hits you. The ufetubus hits you.
The ufetubus hits you but does no damage.
Unknown command.
You closely miss the ufetubus. You barely miss the hobgoblin.
The ufetubus hits you. x2; The hobgoblin hits you.
The ufetubus hits you.
The ufetubus hits you but does no damage.
The hobgoblin hits you. The ufetubus hits you.
* * * LOW HITPOINT WARNING * * *
The ufetubus hits you but does no damage.
The hobgoblin hits you.
* * * LOW HITPOINT WARNING * * *
You closely miss the ufetubus. You hit the hobgoblin.
You kill the hobgoblin!
The ufetubus hits you.
* * * LOW HITPOINT WARNING * * *
The ufetubus hits you.
* * * LOW HITPOINT WARNING * * *
The ufetubus hits you.
* * * LOW HITPOINT WARNING * * *
The ufetubus hits you but does no damage. x2
The ufetubus hits you.
* * * LOW HITPOINT WARNING * * *
You feel very mighty all of a sudden. The ufetubus hits you.
* * * LOW HITPOINT WARNING * * *
The ufetubus hits you.
* * * LOW HITPOINT WARNING * * *
The ufetubus hits you.
* * * LOW HITPOINT WARNING * * *
The ufetubus hits you.
* * * LOW HITPOINT WARNING * * *
The ufetubus hits you but does no damage.
The ufetubus hits you.
* * * LOW HITPOINT WARNING * * *
Unknown command.
The ufetubus hits you.
* * * LOW HITPOINT WARNING * * *
The ufetubus hits you.
You die...

# .# ..########
.##
.......<.#...#
.#####+#...#.#
#.....@5....#
#..............
#....?......###
#...........#
#...........#
#...........#
#...........#
#...........#


You could see an ufetubus.

Vanquished Creatures
  Grinder (D:3)
  A kobold brigand (Sewer)
  2 quasits (Sewer)
  2 adders (D:2)
  3 shadow imps (Sewer)
  5 ufetubi (Sewer)
  A worm (D:3)
  2 dart slugs (D:1)
  3 orcs (D:3)
  A bat (Sewer)
  A bat zombie (Sewer)
  An endoplasm (D:3)
  8 giant cockroaches
  4 hobgoblins
  2 jackals (D:1)
  21 kobolds
  5 quokkas (D:3)
  5 ball pythons
  4 frilled lizards
  2 goblins (D:1)
  8 rats
82 creatures vanquished.

Vanquished Creatures (others)
  A giant cockroach zombie (Sewer)
1 creature vanquished.

Grand Total: 83 creatures vanquished

Notes
Turn   | Place    | Note
-------+----------+-------------------------------------------
     0 | D:1      | gelatine the Troll Fighter began the quest for the Orb.
     0 | D:1      | Reached XP level 1. HP: 22/22 MP: 0/0
    69 | D:1      | Reached XP level 2. HP: 29/29 MP: 1/1
   766 | D:2      | Reached XP level 3. HP: 26/36 MP: 2/2
  1005 | D:2      | Reached skill level 3 in Dodging
  1407 | D:3      | Found a glowing silver altar of Zin.
  1501 | D:3      | Found a glowing drain.
  1529 | Sewer    | Entered a sewer
  1554 | Sewer    | Reached XP level 4. HP: 41/44 MP: 3/3
  1665 | Sewer    | Reached XP level 5. HP: 53/53 MP: 4/4
  1678 | Sewer    | Found a burning altar of Makhleb.
  1749 | Sewer    | Lost dexterity.
  1794 | Sewer    | Reached XP level 6. HP: 56/61 MP: 5/5
  2240 | D:3      | Noticed Grinder
  2242 | D:3      | Killed Grinder
  2243 | D:3      | Reached skill level 4 in Dodging
  2691 | D:4      | HP: 3/61 [ufetubus (3)]
  2692 | D:4      | Slain by an ufetubus

Illustrated notes

Levels and vault maps discovered:
D:1:      dpeg_arrival_stone_temple_mockup, layout_basic
D:2:      layout_loops_ring
D:3:      layout_basic, zin_academy, gup_sewer_entry_pipe, uniq_grinder
D:4:      layout_basic, temple_green

Skill      XL: |  1  2  3  4  5  6 |
---------------+-------------------+-----
Axes           | 2 3 |  3.3
Dodging        | 3 4 |  4.2
Shields        | 3 |  3.8
Fighting       | 3 |  3.6

Action                     |  1- 3 |  4- 6 || total
---------------------------+-------+-------++-------
  Melee: War axe           |   115 |   149 ||   264
  Throw: Large rock        |       |     4 ||     4
    Use: Potion            |       |     6 ||     6
   Stab: Sleeping          |     1 |       ||     1
 Armour: Robe              |    38 |   232 ||   270
  Dodge: Dodged            |    38 |   142 ||   180
  Block: Kite shield       |    41 |    96 ||   137

Table legend: (Time is in decaauts)
 A = Elapsed time spent in this place.
 B = Non-inter-level travel time spent in this place.
 C = Inter-level travel time spent in this place.
 D = Time resting spent in this place.
 E = Time spent auto-exploring this place.
 F = Levels seen in this place.
 G = Mean time per level.
                   A        B        C        D        E       F      G
               +--------+--------+--------+--------+--------+-----+--------+
         Total |   3310 |   3187 |    123 |      0 |   2332 |   5 |  662.0 |
       Dungeon |   2736 |   2613 |    123 |      0 |   2128 |   4 |  684.0 |
         Sewer |    574 |    574 |      0 |      0 |    204 |   1 |  574.0 |
               +--------+--------+--------+--------+--------+-----+--------+

Top non-repeatable levels by time:
     D:3: 1277 daAuts
     D:1: 725 daAuts
     D:2: 709 daAuts
   Sewer: 574 daAuts
     D:4: 23 daAuts
